Map: Acolyte LE

Players

SpeCial - Winner!

  • Race: Terran Terran
  • Spawn Location: 7:00

Stats

  • Race: Protoss Protoss
  • Spawn Location: 1:00

Event: 2017 WCS Global Finals

VOD

Have the link to the VOD?

Description

Time

  • Played on: Oct. 27, 2017, 11:50 a.m.
  • Length: 17:23

All games in this series

Show
View Real Time Build Order
Export as new Build Order

SpeCial Terran - Winner!

Build Orders: Gas First Reaper Expand, Liberator Opening, Reaper Expand, MMM Bio 

Get SALT Encoding   

  12  0:00  SCV  
  13  0:12  SCV  
  14  0:18  Supply Depot  
  14  0:24  SCV  
  15  0:29  Refinery  
  15  0:40  SCV  
  16  0:45  Barracks  
  16  0:52  SCV  
  17  1:04  SCV  
  18  1:16  SCV  
  19  1:32  Reaper, Orbital Command  
  20  1:46  Command Center  
  20  1:58  Factory  
  20  2:02  SCV  
  20  2:08  Barracks Reactor  
  21  2:13  Refinery  
  21  2:14  SCV  
  22  2:23  Supply Depot  
  22  2:26  SCV  
  23  2:45  SCV  
  23  2:46  Starport  
  23  2:47  Widow Mine  
  23  2:50  Marine  
  23  2:51  Marine  
  28  2:57  SCV  
  29  2:59  Orbital Command  
  29  3:06  Liberator  
  29  3:08  Marine x2  
  29  3:09  SCV  
  32  3:21  SCV  
  32  3:26  SCV  
  37  3:28  Marine  
  37  3:31  Marine  
  37  3:33  SCV  
  40  3:38  SCV  
  40  3:39  Supply Depot  
  41  3:45  SCV  
  41  3:46  Marine  
  43  3:49  Marine  
  43  3:50  SCV  
  45  3:57  SCV  
  45  4:02  SCV  
  47  4:05  Command Center  
  47  4:07  Starport Tech Lab  
  47  4:09  SCV  
  48  4:12  Factory Tech Lab  
  48  4:14  SCV  
  48  4:15  Supply Depot, Marine  
  48  4:16  Marine  
  51  4:22  SCV  
  52  4:26  SCV  
  52  4:30  Raven  
  54  4:36  Marine x2  
  54  4:37  Supply Depot, SCV  
  57  4:38  SCV  
  57  4:40  Siege Tank  
  61  4:49  SCV  
  62  4:55  Barracks  
  62  4:57  Marine  
  62  4:58  SCV  
  62  5:00  Supply Depot  
  62  5:01  SCV  
  63  5:09  Refinery  
  63  5:10  Refinery, SCV, Engineering Bay  
  63  5:13  SCV  
  65  5:16  Barracks, Marine x2  
  68  5:22  SCV  
  68  5:24  Orbital Command  
  68  5:27  SCV  
  69  5:33  Factory Reactor  
  69  5:34  SCV, Marine x2  
  72  5:37  Terran Infantry Weapons Level 1  
  72  5:39  SCV  
  72  5:40  Supply Depot  
  73  5:46  Missile Turret  
  73  5:47  Orbital Command, Barracks Tech Lab  
  73  5:50  SCV  
  73  5:52  Marine  
  73  5:53  Marine  
  73  5:55  SCV  
  77  5:57  Supply Depot  
  77  6:02  SCV  
  78  6:07  SCV, Marine x2  
  78  6:08  Stimpack, Combat Shields  
  81  6:13  SCV  
  81  6:14  SCV  
  83  6:19  SCV, Factory Reactor  
  83  6:22  Marine  
  83  6:23  Marine  
  83  6:25  Marauder, SCV  
  89  6:26  Marauder, SCV  
  89  6:28  Barracks  
  89  6:29  Barracks  
  89  6:30  Supply Depot  
  89  6:31  SCV  
  93  6:37  SCV  
  93  6:38  SCV  
  95  6:40  Supply Depot  
  95  6:44  Starport, SCV  
  95  6:45  Fusion Core  
  96  6:49  SCV, Marine x2  
  96  6:50  SCV  
  96  6:53  Supply Depot  
  104  6:54  Marauder x2  
  104  6:56  SCV  
  104  6:57  Supply Depot  
  104  7:01  SCV  
  104  7:02  SCV  
  104  7:05  Supply Depot x2  
  104  7:08  SCV  
  106  7:13  Marine x2  
  106  7:14  Medivac  
  106  7:15  Medivac, Marauder x2  
  114  7:18  SCV  
  114  7:19  Refinery  
  114  7:21  Refinery  
  114  7:23  Barracks Tech Lab  
  114  7:25  Starport Tech Lab  
  114  7:28  Missile Turret  
  114  7:30  Missile Turret  
  114  7:31  Terran Infantry Armor Level 1  
  114  7:34  Supply Depot, Marine x4  
  114  7:37  Marauder  
  120  7:43  Advanced Ballistics  
  120  7:44  Medivac  
  120  7:45  Medivac, Factory Reactor  
  124  7:52  Liberator  
  124  7:57  Supply Depot, Command Center  
  125  7:59  Liberator  
  125  8:00  Marauder, Liberator  
  125  8:01  Marauder x2  
  125  8:02  Marine x3  
  125  8:04  Marine  
  134  8:07  Supply Depot  
  134  8:12  Supply Depot  
  143  8:20  Supply Depot  
  143  8:21  Marine  
  143  8:22  Marine x2  
  143  8:26  Marauder x2  
  150  8:28  Marauder  
  152  8:35  Armory  
  152  8:36  Missile Turret, Engineering Bay  
  152  8:41  Liberator, Marine x3  
  152  8:43  Liberator  
  152  8:47  Marauder  
  157  8:53  Supply Depot  
  157  8:59  Ghost Academy  
  162  9:09  Liberator  
  162  9:10  Liberator  
  162  9:17  Barracks  
  162  9:20  Marauder x2, Marine x3  
  162  9:21  Marauder, Barracks  
  162  9:22  Marine  
  172  9:24  Liberator  
  178  9:41  Ghost x3, Marine x2  
  178  9:45  Liberator  
  188  9:52  Liberator, Planetary Fortress  
  188  10:02  Marine x3  
  190  10:09  Marine  
  190  10:10  Marauder x2  
  194  10:14  Ghost  
  194  10:18  Liberator  
  196  10:22  SCV  
  196  10:26  Marine  
  196  10:28  Marine  
  196  10:30  Barracks Reactor, Barracks Tech Lab  
  196  10:32  Marauder  
  200  10:36  Command Center  
  197  10:46  Terran Infantry Weapons Level 2, Terran Infantry Armor Level 2  
  197  11:04  Refinery  
  197  11:07  Refinery  
  196  11:13  Marauder, Marine x2  
  200  11:25  Marauder  
  199  11:28  Marine x2  
  199  11:29  Marauder  
  196  11:37  Marine  
  196  11:38  Marauder, Liberator x2  
  196  11:45  Marauder, Marine x2  
  184  11:51  Marauder, Marine  
  184  11:52  Marine  
  184  11:53  Marauder, Marine  
  184  11:54  SCV x3  
  180  11:59  Medivac x2  
  180  12:01  Marauder, Marine  
  181  12:03  Marine  
  181  12:05  Marine  
  181  12:06  SCV x3, Marine  
  182  12:09  Marine  
  182  12:10  Marine  
  182  12:13  Marauder, Terran Ship Weapons Level 1, Marine  
  182  12:14  Marauder  
  182  12:19  SCV x2  
  182  12:20  Marine x2  
  183  12:23  Marauder  
  183  12:29  Marine x3  
  186  12:30  Medivac  
  186  12:34  Marauder  
  186  12:36  Marauder  
  194  12:44  Marauder, Marine  
  194  12:46  Marine  
  194  12:48  Marine x2  
  194  12:53  Marine  
  194  12:55  Marauder, Marine  
  194  12:56  Marine  
  194  12:57  Marauder  
  194  13:01  SCV  
  194  13:02  SCV, Marine  
  197  13:05  Marauder  
  197  13:08  Marine  
  193  13:14  Marine  
  193  13:17  Marauder  
  193  13:18  Marauder  
  187  13:27  Marauder  
  187  13:28  Marine  
  185  13:35  SCV x2  
  185  13:38  Marauder, Marine x2  
  185  13:40  Marauder  
  191  13:42  Liberator  
  191  13:45  Marine x2  
  191  13:48  Marauder  
  176  13:59  Medivac  
  176  14:00  Marauder, Marine  
  176  14:01  Marauder, Marine  
  183  14:10  Marauder  
  183  14:11  Marine  
  172  14:17  Medivac x2  
  172  14:19  Marine x3  
  172  14:21  Marauder  
  172  14:22  SCV  
  172  14:23  Marauder  
  184  14:30  Marine  
  185  14:31  Marauder, SCV x2  
  185  14:32  Marine  
  185  14:35  Marine  
  189  14:40  Marine  
  189  14:42  Marauder  
  189  14:43  SCV  
  189  14:44  Marauder  
  189  14:45  Marine  
  196  14:46  Marine  
  196  14:52  Marauder, Marine x2  
  185  15:01  Viking x2  
  185  15:04  Marauder  
  185  15:05  Marauder  
  193  15:12  Viking  
  193  15:14  Sensor Tower, Marauder  
  197  15:22  Sensor Tower, Viking  
  199  15:32  Planetary Fortress  
  199  15:37  Missile Turret  
  199  15:41  Marine  
  200  15:43  Marine  
  193  15:59  Medivac x2  
  193  16:02  Viking  
  186  16:13  Medivac  
  186  16:16  Refinery x2  
  186  16:17  Missile Turret  
  188  16:18  Missile Turret  
  188  16:20  SCV x2  
  188  16:21  SCV  
  188  16:23  Refinery  
  191  16:32  SCV  
  190  16:44  Marauder, Marine x2  
  184  16:48  Marine  
  184  16:49  Marauder  
  184  16:52  Marauder, Marine x3  
  161  16:56  Marine  
  149  17:02  Marine  
  149  17:05  Marine  
Show
View Real Time Build Order
Export as new Build Order

Stats Protoss 

Build Orders: 1 Gate Expand, Colossus Rush 

Get SALT Encoding   

  12  0:01  Probe (Chrono Boost)  
  13  0:11  Probe (Chrono Boost)  
  14  0:17  Pylon  
  14  0:22  Probe (Chrono Boost)  
  15  0:35  Probe (Chrono Boost)  
  16  0:36  Gateway  
  16  0:45  Probe (Chrono Boost)  
  16  0:46  Assimilator  
  17  0:56  Probe (Chrono Boost)  
  18  1:07  Probe (Chrono Boost)  
  19  1:20  Nexus  
  19  1:31  Cybernetics Core  
  19  1:35  Probe (Chrono Boost)  
  19  1:37  Assimilator  
  20  1:45  Probe (Chrono Boost)  
  21  1:49  Pylon  
  21  1:56  Probe (Chrono Boost)  
  22  2:06  Probe (Chrono Boost)  
  22  2:07  Adept (Chrono Boost)  
  25  2:08  Warp Gate  
  25  2:18  Probe  
  26  2:25  Robotics Facility  
  26  2:30  Probe (Chrono Boost)  
  26  2:31  Probe (Chrono Boost)  
  26  2:35  Adept  
  30  2:41  Probe (Chrono Boost)  
  31  2:45  Probe (Chrono Boost)  
  32  2:54  Probe (Chrono Boost)  
  32  2:56  Probe (Chrono Boost)  
  34  3:04  Probe (Chrono Boost)  
  35  3:06  Probe (Chrono Boost)  
  35  3:07  Gateway  
  35  3:08  Gateway  
  37  3:13  Observer (Chrono Boost)  
  37  3:15  Mothership Core, Probe  
  40  3:20  Pylon  
  40  3:27  Probe  
  40  3:31  Pylon  
  40  3:32  Observer (Chrono Boost)  
  42  3:34  Probe  
  42  3:39  Probe  
  44  3:43  Assimilator  
  44  3:44  Assimilator  
  44  3:45  Probe  
  45  3:51  Probe  
  46  3:56  Probe  
  46  3:57  Robotics Bay  
  47  4:03  Probe  
  47  4:06  Probe  
  49  4:12  Stalker  
  49  4:15  Probe  
  49  4:16  Pylon  
  49  4:17  Observer (Chrono Boost), Probe  
  54  4:28  Probe  
  54  4:29  Probe  
  55  4:34  Stalker x2  
  58  4:44  Colossus (Chrono Boost)  
  57  4:49  Probe  
  57  4:50  Probe  
  64  4:59  Probe  
  64  5:02  Probe  
  64  5:03  Pylon  
  64  5:04  Nexus  
  66  5:10  Pylon  
  66  5:11  Probe  
  67  5:14  Probe  
  67  5:18  Extended Thermal Lance (Chrono Boost)  
  68  5:23  Probe  
  68  5:27  Probe  
  70  5:29  Stalker x2  
  73  5:38  Stalker  
  75  5:46  Probe x2  
  75  5:47  Colossus  
  77  5:55  Pylon  
  83  6:00  Probe x2  
  84  6:13  Probe x2  
  84  6:17  Sentry  
  88  6:20  Pylon  
  88  6:22  Probe  
  88  6:25  Probe x2  
  91  6:32  Forge, Probe, Twilight Council  
  91  6:33  Stalker x2  
  91  6:35  Colossus  
  91  6:37  Probe x2  
  98  6:41  Assimilator  
  98  6:42  Assimilator  
  98  6:44  Probe  
  105  6:49  Probe x2  
  107  6:55  Probe  
  107  6:57  Pylon  
  107  7:01  Probe x2  
  110  7:06  Blink  
  110  7:12  Probe  
  110  7:13  Probe x2  
  110  7:17  Protoss Ground Weapons Level 1 (Chrono Boost)  
  110  7:24  Gateway  
  110  7:26  Colossus  
  110  7:27  Forge  
  110  7:28  Pylon  
  110  7:29  Gateway  
  110  7:32  Gateway  
  116  7:37  Pylon  
  116  7:44  Stalker  
  116  7:45  Stalker  
  116  7:46  Zealot  
  116  7:49  Gateway  
  116  7:50  Gateway  
  122  7:51  Gateway  
  122  7:57  Templar Archives  
  122  8:03  Protoss Ground Armor Level 1 (Chrono Boost)  
  122  8:05  Gravitic Drive  
  122  8:12  Pylon  
  122  8:15  Pylon  
  122  8:17  Pylon  
  122  8:20  Warp Prism  
  124  8:35  High Templar x3, Photon Cannon  
  124  8:36  Psionic Storm  
  124  8:40  Nexus  
  130  8:41  Pylon  
  130  8:43  Zealot  
  130  8:44  High Templar  
  130  8:48  High Templar  
  136  8:50  High Templar  
  136  8:53  Zealot  
  140  8:59  Charge  
  140  9:01  Protoss Ground Weapons Level 2 (Chrono Boost)  
  140  9:04  Zealot  
  140  9:07  Zealot  
  144  9:11  Stargate  
  144  9:17  Zealot  
  144  9:21  Zealot x2  
  144  9:22  Zealot  
  152  9:31  Stalker x4  
  156  9:36  Pylon  
  156  9:37  Gateway  
  158  9:39  Gateway  
  158  9:44  Protoss Ground Armor Level 2 (Chrono Boost)  
  154  9:46  Probe  
  154  9:47  Probe x2  
  154  9:51  Zealot x4  
  165  9:56  Phoenix (Chrono Boost)  
  165  9:59  Probe x3  
  170  10:05  Warp Prism  
  164  10:11  Probe  
  164  10:13  Probe x3  
  162  10:15  Assimilator x2  
  162  10:16  Fleet Beacon  
  160  10:21  Oracle (Chrono Boost)  
  161  10:34  Stargate  
  161  10:35  Stargate  
  161  10:47  Zealot x4  
  169  10:50  Protoss Air Weapons Level 1  
  169  11:02  Tempest (Chrono Boost)  
  173  11:04  Zealot  
  175  11:22  Zealot x4  
  175  11:23  Nexus  
  175  11:25  Tempest x2 (Chrono Boost)  
  190  11:53  Pylon  
  188  11:55  Pylon  
  188  11:56  Pylon  
  188  11:58  Pylon  
  176  12:10  Nexus  
  176  12:12  Pylon  
  176  12:13  Pylon  
  176  12:15  Pylon  
  174  12:16  Oracle (Chrono Boost)  
  175  12:27  Pylon  
  175  12:28  Zealot x3  
  181  12:41  Zealot x2  
  181  12:42  Zealot x2, Tempest (Chrono Boost)  
  178  12:57  High Templar x5  
  186  13:12  High Templar x4  
  183  13:13  High Templar  
  175  13:24  Archon x2  
  161  13:56  Archon  
  161  14:04  Nexus  
  147  14:20  Nexus  
  136  14:31  Zealot x2  
  140  14:39  Pylon  
  131  14:54  Probe x2  
  133  15:02  Pylon  
  133  15:06  Probe  
  134  15:14  Pylon  
  134  15:20  Assimilator  
  132  15:28  Probe  
  132  15:30  Probe  
  134  15:37  High Templar x2  
  134  15:38  High Templar, Mothership Core  
  134  15:39  High Templar  
  134  15:40  Stalker  
  146  15:43  Archon  
  146  15:45  Zealot x2  
  146  15:47  Archon  
  148  15:53  Zealot  
  148  15:54  Zealot  
  148  15:56  Zealot  
  139  16:03  Probe x2  
  132  16:05  Probe  
  132  16:09  Probe  
  136  16:13  High Templar x2  
  136  16:14  Probe x2  
  136  16:17  Probe  
  143  16:21  Zealot  
  143  16:24  Probe x3  
  146  16:29  Probe  
  149  16:34  Probe  
  140  16:50  Zealot x8  
  140  16:51  Archon  
  140  16:52  Zealot x2  
  114  17:03  Pylon  
  114  17:07  Stalker  
Tags
 
Add a new tag
Caveats
  • Supply blocks, unpowered buildings, or Contaminate may cause inaccurate times.
  • Supply counts are checked every 10 seconds.